 Dungeon Crawl Stone Soup version 0.19-a0-1740-g0bcaf2e (webtiles) character file.

68732 4thArraOfDagon the Grappler (level 14, -15/214 HPs)
             Began as a Troll Monk on Oct 2, 2016.
             Was a High Priest of Qazlal.
             Killed from afar by a battlesphere (16 damage)
             ... created by a deep elf mage
             ... on level 2 of the Elven Halls.
             The game lasted 00:37:45 (6580 turns).

4thArraOfDagon the Grappler (Troll Monk)            Turns: 6580, Time: 00:37:45

Health: -15/214    AC: 30    Str: 18    XL:     14   Next: 87%
Magic:  5/18       EV:  1    Int: 14    God:    Qazlal [*****.]
Gold:   152        SH:  9    Dex: 16    Spells: 2 memorised, 15 levels left

rFire  . . .     SeeInvis +       - Unarmed
rCold  . . .     Gourm    +     (armour currently unavailable)
rNeg   + + +     Faith    .     (no shield)
rPois  +         Spirit   .     (helmet currently unavailable)
rElec  +         Dismiss  .     (cloak currently unavailable)
rCorr  .         Reflect  +     (gloves unavailable)
MR     +....     Harm     .     (boots unavailable)
Stlth  +......... NoTele   +    O - +3 amulet of reflection
                                N - ring "Nilaekorphu" {rElec rN+ Str-4 Int+4 Dex+4}
                                t - ring of see invisible

@: tree-form, protected from physical damage, repel missiles
A: unfitting armour, (claws 0), (hooves 0), (horns 0), repulsion field 1, (thin
metallic scales 0), blurry vision 2, (cold resistance 0), fast metabolism 3,
gourmand, low mp 1, regeneration 1, (shaggy fur 0), (tough skin 0)
a: Upheaval, Elemental Force, Disaster Area, Renounce Religion


You were on level 2 of the Elven Halls.
You worshipped Qazlal.
Qazlal was extremely pleased with you.
You were very full.
You were a tree.
You visited 4 branches of the dungeon, and saw 20 of its levels.
You visited 1 bazaar.
You also visited: Labyrinth and Ice Cave.

You collected 1544 gold pieces.
You spent 1392 gold pieces at shops.

Inventory:

Missiles
 l - 4 javelins of returning (quivered)
Armour
 a - a +0 robe
 A - a +0 troll leather armour (melded)
 G - the +1 robe of Watchfulness {MR- Regen+ Int+5 SInv}
   (You found it in a labyrinth)

   It affects your intelligence (+5).
   It affects your resistance to hostile enchantments.
   It lets you see invisible.
   It increases your rate of regeneration.
 P - a +0 cloak of invisibility
 Q - a +2 cloak (melded)
Magical Staves
 H - an uncursed staff of earth {unknown}
 L - an uncursed staff of wizardry {!a}
Rods
 I - a +2 rod of shadows (9/9)
   (You found it in a labyrinth)
 R - a +1 rod of ignition (14/14)
   (You found it on level 1 of the Elven Halls)
Jewellery
 t - a ring of see invisible (left branch)
 N - the ring "Nilaekorphu" (right branch) {rElec rN+ Str-4 Int+4 Dex+4}
   (You bought it in a shop on level 2 of the Orcish Mines)

   [ring of positive energy]

   It affects your strength (-4).
   It affects your intelligence (+4).
   It affects your dexterity (+4).
   It insulates you from electricity.
   It protects you from negative energy.
 O - a +3 amulet of reflection (around neck)
Wands
 g - a wand of flame (17/48)
 i - a wand of disintegration (17/24)
 q - a wand of flame (10/48)
 r - a wand of disintegration (13/24)
 w - a wand of slowing (28/48)
 J - a wand of paralysis (11/24)
Scrolls
 f - 2 scrolls of enchant armour
 h - a scroll of recharging
 j - 3 scrolls of remove curse
 m - a scroll of fear
 x - 2 scrolls of noise
 y - 2 scrolls of fog
 B - 2 scrolls of amnesia
 C - 4 scrolls of identify
 D - 2 scrolls of blinking
 E - a scroll of holy word
 M - a scroll of enchant weapon
Potions
 o - 3 potions of flight
 p - a potion of brilliance
 u - a potion of might
 z - 2 potions of invisibility
Miscellaneous
 s - a box of beasts
 K - a phantom mirror
Comestibles
 b - 7 bread rations
 d - a royal jelly
 k - 3 meat rations


   Skills:
 - Level 10.0 Fighting
 - Level 11.0 Dodging
 - Level 1.1 Stealth
 - Level 14.2 Unarmed Combat
 + Level 4.6 Spellcasting
 * Level 5.5 Transmutations
 - Level 10.0 Invocations
 - Level 1.5 Evocations


You had 15 spell levels left.
You knew the following spells:

 Your Spells              Type           Power        Failure   Level  Hunger
a - Apportation           Tloc           #.........   21%         1    None
b - Hydra Form            Tmut           ###.......   100%        6    #######


Dungeon Overview and Level Annotations

Branches:
Dungeon (15/15)            Temple (1/1) D:4            Lair (0/6) D:11
    Orc (2/2) D:11            Elf (2/3) Orc:2
 Vaults: D:13-14     Depths: D:15

Altars:
Ashenzari
Dithmenos
Elyvilon
Fedhas
Gozag
Hepliaklqana
Kikubaaqudgha
Makhleb
Nemelex Xobeh
Qazlal
Ru
Sif Muna
Trog
Uskayaw
Vehumet
Xom
Yredelemnul
Zin
The Shining One
Beogh

Shops:
D:9 !   Orc:2 =[*(   Elf:1 =}=


Innate Abilities, Weirdness & Mutations

You are too large for most types of armour.
((You have claws for hands.))
Your metabolism is lightning-fast.
You like to eat raw meat.
Your natural rate of healing is unusually fast.
((You are covered in fur. (AC +1)))
((You have very tough skin. (AC +2)))
((You have hoof-like feet.))
((You have a pair of small horns on your head.))
You are surrounded by a mild repulsion field. (EV +2)
((You are partially covered in thin metallic scales. (AC +2)))
Scrolls take you longer to read.
((Your flesh is cold resistant. (rC+)))
Your magical capacity is low. (-10% MP)


Message History

Your resistance to fire fades away.
You feel protected from physical attacks.
A dancing weapon and a battlesphere come into view.
There is an executioner's axe of holy wrath.
Unknown command.
You smack the vampiric morningstar!
The vampiric morningstar is almost destroyed.
The vampiric morningstar hits you.
* * * LOW HITPOINT WARNING * * *
You feel more protected from physical attacks.
Unknown command.
Unknown command.
Unknown command.
You smack the vampiric morningstar!
The vampiric morningstar falls from the air.
Qazlal accepts your kill. The deep elf mage casts a spell at you.
The magic dart hits you!
The battlesphere fires!
The barrage of energy hits you!
You die...

..........
.......)(## .
.....≈)...## ..
...........#...
...............
.....≈..§§.....
......§))......
......§♣)§.....
.....§§.)§.......
...###§)≈≈).....
. ##.≈......#
#.))......#
##.)......##
###≈.e*......##
..............#
.......§.....##


You could see a deep elf mage, an executioner's axe of holy wrath and a
battlesphere.

Vanquished Creatures
  A deep elf demonologist (Elf:2)
  Erolcha (Orc:1)
  A minotaur (Lab)
  The ghost of Gamora the Transmogrifier, a journeyman DrTm of Makhleb (D:11)
  A hydra (D:14)
  4 centaur warriors
  2 ogre magi (Orc:2)
  18 dancing weapons
  2 tengu warriors (D:14)
  The ghost of IKeelU2 the Destroyer, a journeyman TeAE of Ashenzari (D:9)
  11 deep elf knights
  2 unseen horrors
  2 deep trolls (Orc:2)
  5 deep elf archers (Elf:1)
  5 hill giants
  A necromancer (IceCv)
  A harpy (shapeshifter) (D:14)
  27 deep elf magi
  An orc knight (Orc:1)
  An ugly thing (D:11)
  2 cyclopes (Orc:2)
  2 manticores (D:14)
  An elephant (D:11)
  4 ice statues (IceCv)
  2 efreet
  6 ice devils
  13 trolls
  6 two-headed ogres (Orc:2)
  Sigmund (D:3)
  An air elemental (Elf:1)
  2 wyverns
  A vampire (D:13)
  2 water elementals (Elf:1)
  7 yaks
  2 hungry ghosts
  A steam dragon (D:10)
  4 vampire mosquitoes (D:14)
  A soldier ant (D:14)
  8 wargs
  4 sky beasts
  4 ice beasts
  21 orc warriors
  2 phantoms
  An eye of draining (D:10)
  A wasp (D:11)
  27 ogres
  6 centaurs (D:13)
  2 crocodiles
  A big kobold (D:8)
  5 bullfrogs
  A gnoll sergeant (D:6)
  2 scorpions
  A water moccasin skeleton (D:8)
  10 wights
  A killer bee (D:13)
  A howler monkey (D:9)
  A crimson imp (D:9)
  2 centaur zombies
  5 draconian simulacra (IceCv)
  A bullfrog zombie (D:13)
  9 hounds
  4 jellies
  13 orc priests
  2 centaur skeletons
  Jessica (D:3)
  6 iguanas
  19 orc wizards
  2 spriggan simulacra (IceCv)
  3 worker ants
  A centaur simulacrum (IceCv)
  Robin (D:4)
  3 gnolls (D:6)
  6 adders
  2 naga simulacra (IceCv)
  An adder skeleton (D:6)
  3 leopard geckos
  64 orcs
  4 giant cockroaches
  9 goblins
  10 hobgoblins
  5 jackals
  2 frilled lizards (D:3)
  A giant cockroach zombie (D:6)
  4 kobolds (D:3)
  A leopard gecko zombie (D:6)
  A quokka skeleton (D:7)
  A quokka zombie (D:5)
  3 rats
  2 fungi
436 creatures vanquished.

Vanquished Creatures (others)
  A fungus (D:11)
1 creature vanquished.

Grand Total: 437 creatures vanquished

Notes
Turn   | Place    | Note
-------+----------+-------------------------------------------
     0 | D:1      | 4thArraOfDagon the Troll Monk began the quest for the Orb.
     0 | D:1      | Reached XP level 1. HP: 22/22 MP: 0/0
   141 | D:2      | Reached XP level 2. HP: 29/29 MP: 1/1
   265 | D:3      | Noticed Sigmund
   276 | D:3      | Gained mutation: You have large cloven feet. [potion of mutation]
   276 | D:3      | Gained mutation: You have hoof-like feet. [potion of mutation]
   285 | D:3      | Killed Sigmund
   285 | D:3      | Reached skill level 6 in Unarmed Combat
   285 | D:3      | Reached XP level 3. HP: 5/36 MP: 2/2
   285 | D:3      | Reached XP level 4. HP: 6/44 MP: 3/3
   285 | D:3      | Reached XP level 5. HP: 6/50 MP: 4/4
   379 | D:4      | Found a staircase to the Ecumenical Temple.
   388 | Temple   | Entered the Ecumenical Temple
   452 | Temple   | DAFAK
   470 | Temple   | Became a worshipper of Qazlal Stormbringer
   470 | Temple   | Reached * piety under Qazlal
   470 | Temple   | Reached ** piety under Qazlal
   629 | D:5      | Entered Level 5 of the Dungeon
   690 | D:5      | Noticed a sky beast
   708 | D:5      | Killed a sky beast
   708 | D:5      | Reached XP level 6. HP: 30/59 MP: 5/5
   745 | D:5      | Gained mutation: Scrolls take you a little longer to read. [potion of mutation]
   745 | D:5      | Gained mutation: You are surrounded by a mild repulsion field. (EV +2) [potion of mutation]
   759 | D:5      | Learned a level 1 spell: Apportation
   799 | D:6      | Noticed an ice beast
   812 | D:6      | Killed an ice beast
   812 | D:6      | Reached skill level 1 in Invocations
   896 | D:6      | Noticed an ice beast
   903 | D:6      | Killed an ice beast
   903 | D:6      | Reached skill level 7 in Unarmed Combat
   903 | D:6      | Reached XP level 7. HP: 44/67 MP: 7/7
   911 | D:6      | Found a shimmering altar of Xom.
  1029 | D:4      | Noticed Robin
  1039 | D:4      | Killed Robin
  1041 | D:4      | senpai
  1082 | D:3      | Noticed Jessica
  1102 | D:3      | Killed Jessica
  1199 | D:5      | Found a deep blue altar of Sif Muna.
  1347 | D:6      | Reached XP level 8. HP: 22/78 MP: 1/9
  1423 | D:6      | Reached skill level 8 in Unarmed Combat
  1631 | D:8      | Reached *** piety under Qazlal
  1644 | D:8      | Found a glowing silver altar of Zin.
  1756 | D:8      | Reached skill level 9 in Unarmed Combat
  1767 | D:8      | Reached XP level 9. HP: 79/85 MP: 10/10
  1819 | D:8      | Found a sacrificial altar of Ru.
  1822 | D:8      | Found an opulent altar of Gozag.
  1824 | D:8      | Found a shimmering altar of Xom.
  1898 | D:9      | Reached skill level 5 in Fighting
  1902 | D:9      | Reached skill level 5 in Dodging
  1938 | D:9      | Noticed IKeelU2's ghost (journeyman TeAE)
  1949 | D:9      | Killed IKeelU2's ghost
  1949 | D:9      | Reached skill level 10 in Unarmed Combat
  1952 | D:9      | Noticed an efreet
  1957 | D:9      | Reached skill level 5 in Invocations
  1963 | D:9      | Killed an efreet
  1967 | D:9      | Noticed a hill giant
  2001 | D:9      | Killed a hill giant
  2001 | D:9      | Reached XP level 10. HP: 34/98 MP: 0/13
  2022 | D:9      | Gained mutation: You have a pair of small horns on your head. [mutagenic meat]
  2025 | D:9      | Gained mutation: You expend magic power (3 MP) to strengthen your wands. [mutagenic meat]
  2028 | D:9      | Gained mutation: Your flesh is cold resistant. (rC+) [mutagenic meat]
  2031 | D:9      | Lost mutation: You expend magic power (3 MP) to strengthen your wands. [mutagenic meat]
  2121 | D:9      | Found Puewkyiwn's Distillery.
  2136 | D:9      | Bought a potion of heal wounds for 85 gold pieces
  2136 | D:9      | Bought a potion of might for 68 gold pieces
  2136 | D:9      | Bought a potion of flight for 51 gold pieces
  2148 | D:10     | Entered Level 10 of the Dungeon
  2213 | D:10     | Noticed a hill giant
  2247 | D:10     | Killed a hill giant
  2259 | D:10     | Reached skill level 11 in Unarmed Combat
  2379 | D:10     | Reached **** piety under Qazlal
  2471 | D:10     | Found a shadowy altar of Dithmenos.
  2550 | D:11     | Found a staircase to the Orcish Mines.
  2656 | D:11     | Noticed a cyan ugly thing
  2664 | D:11     | Killed a cyan ugly thing
  2768 | D:11     | Found a roughly hewn altar of Beogh.
  2821 | D:11     | Noticed Gamora's ghost (journeyman DrTm)
  2833 | D:11     | Killed Gamora's ghost
  2833 | D:11     | Reached XP level 11. HP: 61/107 MP: 14/14
  2905 | D:11     | Noticed a four-headed hydra
  2938 | D:11     | Found a staircase to the Lair.
  2940 | D:11     | Noticed an unseen horror
  2948 | D:11     | Killed an unseen horror
  2948 | D:11     | Reached skill level 12 in Unarmed Combat
  3212 | D:13     | Noticed a hill giant
  3246 | D:13     | Killed a hill giant
  3261 | D:13     | Gained mutation: Your magical capacity is low. (-10% MP) [mutagenic meat]
  3264 | D:13     | Gained mutation: Scrolls take you longer to read. [mutagenic meat]
  3273 | D:13     | Gained mutation: You are partially covered in thin metallic scales. (AC +2) [mutagenic meat]
  3331 | D:13     | Noticed a centaur warrior
  3344 | D:13     | Killed a centaur warrior
  3374 | D:12     | Noticed a seven-headed hydra
  3430 | D:13     | Found a frozen archway.
  3439 | IceCv    | Entered an ice cave
  3638 | IceCv    | Reached skill level 13 in Unarmed Combat
  3649 | IceCv    | Noticed a necromancer
  3653 | IceCv    | Killed a necromancer
  3687 | IceCv    | Reached XP level 12. HP: 105/119 MP: 14/14
  3763 | D:14     | Noticed a centaur warrior
  3773 | D:14     | Noticed a centaur warrior
  3774 | D:14     | Killed a centaur warrior
  3787 | D:14     | Killed a centaur warrior
  3846 | D:14     | Noticed a tengu warrior
  3846 | D:14     | Noticed a tengu warrior
  3872 | D:14     | Killed a tengu warrior
  3880 | D:14     | Killed a tengu warrior
  3909 | D:14     | Found a labyrinth entrance.
  3925 | Lab      | Entered a labyrinth
  4093 | Lab      | jacquesderrida: DAGANZ..........
  4096 | Lab      | ::(
  4320 | Lab      | Noticed a minotaur
  4336 | Lab      | Killed a minotaur
  4345 | Lab      | Identified Meujuo's Almanac of Confrontation
  4346 | Lab      | Got a fabulously ornate robe
  4357 | Lab      | Identified the +1 robe of Watchfulness {MR- Regen+ Int+5 SInv} (You found it in a labyrinth)
  4357 | Lab      | jacquesderrida: ;^)
  4357 | Lab      | 4thArraOfDagon: city of bad items
  4357 | Lab      | 4thArraOfDagon: strikes again
  4430 | D:15     | Entered Level 15 of the Dungeon
  4463 | D:14     | Noticed a centaur warrior
  4472 | D:14     | Killed a centaur warrior
  4472 | D:14     | Reached skill level 14 in Unarmed Combat
  4497 | D:14     | Noticed an eight-headed hydra
  4532 | D:14     | Killed an eight-headed hydra
  4695 | Orc:1    | Entered Level 1 of the Orcish Mines
  4725 | Orc:2    | Entered Level 2 of the Orcish Mines
  4725 | Orc:2    | Found a staircase to the Elven Halls.
  4914 | Orc:1    | Found a roughly hewn altar of Beogh.
  4991 | Orc:1    | Reached ***** piety under Qazlal
  5040 | Orc:1    | Reached XP level 13. HP: 82/130 MP: 16/16
  5059 | Orc:1    | Noticed Erolcha
  5064 | Orc:1    | Killed Erolcha
  5538 | Orc:2    | Found Xiysyl's General Store.
  5547 | Orc:2    | Found Voublenee's Jewellery Boutique.
  5547 | Orc:2    | Found Yfups's Weapon Shoppe.
  5555 | Orc:2    | city of bad shops
  5557 | Orc:2    | Found Hirug's Armour Shop.
  5565 | Orc:2    | hi
  5572 | Orc:2    | 4thArraOfDagon: hi
  5575 | Orc:2    | jacquesderrida: Bed itens
  5578 | Orc:2    | Bought the ring "Nilaekorphu" {rElec rN+ Str-4 Int+4 Dex+4} for 551 gold pieces
  5579 | Orc:2    | Bought a +3 amulet of reflection for 325 gold pieces
  5585 | Orc:2    | Bought a scroll of identify for 30 gold pieces
  5585 | Orc:2    | Bought a scroll of blinking for 112 gold pieces
  5589 | Orc:2    | 4thArraOfDagon: eternal struggle
  5818 | Elf:1    | Entered Level 1 of the Elven Halls
  5878 | Elf:1    | Found a flickering gateway to a bazaar.
  5899 | Elf:1    | Reached skill level 10 in Invocations
  5903 | Elf:1    | Reached skill level 10 in Fighting
  5911 | Elf:1    | Reached skill level 10 in Dodging
  5939 | Bazaar   | Entered a bazaar
  5946 | Bazaar   | Found Hemet's Antique Weapon Shoppe.
  5951 | Bazaar   | Found Ytiacren's Antique Weapon Emporium.
  5959 | Bazaar   | Found Jiothrynue's Antique Armour Shoppe.
  5970 | Bazaar   | Found Voiruir's Antique Armour Emporium.
  5975 | Bazaar   | 4thArraOfDagon: hi
  5985 | Bazaar   | Bought a runed cloak for 85 gold pieces
  5985 | Bazaar   | Bought a glowing cloak for 85 gold pieces
  6052 | Elf:2    | Noticed a deep elf sorcerer
  6209 | Elf:1    | Reached XP level 14. HP: 112/143 MP: 18/18
  6212 | Elf:1    | Identified a +2 rod of shadows (9/9) (You found it in a labyrinth)
  6213 | Elf:1    | Identified a +1 rod of ignition (14/14) (You found it on level 1 of the Elven Halls)
  6230 | Elf:1    | Reached skill level 1 in Evocations
  6286 | Elf:1    | Reached skill level 1 in Spellcasting
  6408 | Elf:1    | Reached ****** piety under Qazlal
  6428 | Elf:1    | Found Kukunen's Jewellery Shop.
  6428 | Elf:1    | Found Lidd's Gadget Emporium.
  6433 | Elf:1    | Found Jegurunoh's Jewellery Shop.
  6443 | Elf:1    | hi
  6459 | Elf:1    | Learned a level 6 spell: Hydra Form
  6504 | Elf:2    | Reached skill level 1 in Transmutations
  6537 | Elf:2    | RI{
  6573 | Elf:2    | Reached skill level 5 in Transmutations
  6573 | Elf:2    | HP: 7/143 [vampiric morningstar (11)]
  6578 | Elf:2    | HP: 6/214 [vampiric morningstar (9)]
  6579 | Elf:2    | HP: 1/214 [vampiric morningstar (6)]
  6580 | Elf:2    | Killed from afar by a battlesphere

Vault maps used:
D:1:      sevenhm_arrival_forest_fort_small_3, minmay_stone_trees_small
D:2:      minmay_door_path
D:3:      first_bread, ecumenical_altar_1, uniq_sigmund, uniq_jessica
D:4:      nicolae_overflow_hidden_temple, uniq_robin
D:5:      lemuel_upstairs_altar
D:6:      basic_altar, minmay_misc_feat_secret_circle
D:8:      grunt_temple_overflow_open, basic_altar, blue_anna_alchemist
D:9:      serial_shops, nicolae_shop_crystal, minmay_bent
D:10:     nicolae_dithmenos_the_darkroom
D:11:     david_lair_generic, minmay_holes
D:12:     basic_altar
D:13:     kennysheep_blocky_hall, david_vaults_1, portal_ice_cave_demonic_guard
D:14:     lemuel_statue_altar, lab_entry_generic, grunt_ministairs_1
D:15:     grunt_enter_depths_magical_seal, hex_medium, st_stairs_1, uniq_kirke
Temple:   regret_index_temple_sphere_string
Orc:1:    cheibrodos_orc_bank, basic_altar, nooodl_orcs_dogs, uniq_erolcha
Orc:2:    st_orc_open
Elf:1:    elf_arrival_001, serial_shops, bzr_entry_islet,
          minmay_elf_crystal_hexagon, minmay_shop_grove
Elf:2:    solitary_fountain
Lab:      labyrinth_spiral, labyrinth_skeletal_remains, lab_fountain
Bazaar:   bazaar_minmay_armour_weapon
IceCv:    ice_cave_tombish

Skill      XL: |  1  2  3  4  5  6  7  8  9 10 11 12 13 14 |
---------------+-------------------------------------------+-----
Unarmed Combat | 6 7 9 10 11 13 14 | 14.2
Invocations    | 1 2 3 5 6 7 8 10 | 10.0
Dodging        | 3 4 5 6 7 8 10 11 | 11.0
Fighting       | 3 4 5 6 7 8 10 | 10.0
Evocations     | 1 |  1.5
Spellcasting   | 4 |  4.6
Transmutations | 5 |  5.5
Stealth        | |  1.1

Action                   |  1- 3 |  4- 6 |  7- 9 | 10-12 | 13-15 || total
-------------------------+-------+-------+-------+-------+-------++-------
Melee: Unarmed           |    28 |    49 |   224 |   609 |   349 ||  1259
       Kick              |     1 |    11 |    71 |   186 |   109 ||   378
       Punch             |       |       |    10 |    32 |    23 ||    65
       Headbutt          |       |       |       |   136 |    62 ||   198
Invok: Upheaval          |       |       |     5 |    14 |     3 ||    22
       Disaster Area     |       |       |       |       |     4 ||     4
Evoke: Wand              |       |       |       |    13 |     2 ||    15
  Use: Potion            |     2 |     1 |       |     2 |     8 ||    13
       Scroll            |       |     2 |       |    20 |     5 ||    27
 Stab: Sleeping          |     1 |       |       |       |       ||     1
       Distracted        |       |       |     1 |       |       ||     1
  Eat: Chunk             |       |     9 |    14 |    38 |    16 ||    77
Armor: Robe              |    43 |    13 |    36 |    32 |    21 ||   145
       Troll leather arm |       |       |       |    64 |    24 ||    88
       Troll hide        |       |       |       |     1 |       ||     1
       Skin              |       |       |       |       |     6 ||     6
Dodge: Dodged            |    52 |    16 |   125 |   312 |   125 ||   630
       Deflected         |       |       |       |       |     5 ||     5
Block: Other             |       |     1 |    30 |   104 |    87 ||   222
       Reflection        |       |       |       |       |     3 ||     3
